 Dungeon Crawl Stone Soup version 0.30-a0-782-ge64f9170bb (webtiles) character file.

Game seed: 15153910679010217919

235 Crownlay the Chiller (level 6, -6/44 HPs)
             Began as a Gnoll Ice Elementalist on Mar 5, 2023.
             Killed from afar by a steam dragon (12 damage)
             ... with a ball of steam
             ... on level 3 of the Dungeon.
             The game lasted 00:03:53 (2156 turns).

Crownlay the Chiller (Gnoll Ice Elementalist)       Turns: 2156, Time: 00:03:53

Health: -6/44      AC:  2    Str:  7    XL:     6   Next: 5%
Magic:  9/14       EV: 13    Int: 16    God:
Gold:   83         SH:  0    Dex: 13    Spells: 8/15 levels left

rFire   . . .      SeeInvis .    e - +0 dagger
rCold   . . .      Faith    .    (no shield)
rNeg    . . .      Spirit   .    a - +0 robe
rPois   .          Reflect  .    (no helmet)
rElec   .          Harm     .    (no cloak)
rCorr   .          Rampage  .    (no gloves)
Will    .....                    (no boots)
Stlth   +++                      (no amulet)
HPRegen 0.27/turn                (no ring)
MPRegen 0.14/turn                (no ring)

@: freezing walls
A: fangs 1, strong nose, distributed training
a: no special abilities


You were on level 3 of the Dungeon.
You visited 1 branch of the dungeon, and saw 3 of its levels.

You collected 83 gold pieces.

Inventory:

Hand Weapons
 e - a +0 dagger (weapon)
Missiles
 j - 3 silver boomerangs
 l - a throwing net
 p - 5 boomerangs
Armour
 a - a +0 robe (worn)
 o - a +0 buckler
Jewellery
 n - an amulet of guardian spirit
Scrolls
 d - 2 scrolls of amnesia
 f - a scroll of fear
 g - a scroll of enchant weapon
 i - 2 scrolls of identify
 k - a scroll of teleportation {unknown}
 q - a scroll of enchant armour {unknown}
Potions
 b - a potion of magic
 c - a potion of haste {unknown}
 h - a potion of attraction {unknown}
 m - a potion of mutation {unknown}
 r - a potion of cancellation {unknown}
 s - a potion of heal wounds {unknown}


   Skills:
 + Level 1.8 Fighting
 + Level 1.8 Short Blades
 + Level 1.8 Long Blades
 + Level 1.8 Axes
 + Level 1.8 Maces & Flails
 + Level 1.8 Polearms
 + Level 1.8 Staves
 + Level 1.8 Ranged Weapons
 + Level 1.8 Throwing
 + Level 1.8 Armour
 + Level 4.9 Dodging
 + Level 4.5 Stealth
 + Level 1.8 Shields
 + Level 1.8 Unarmed Combat
 + Level 5.3 Spellcasting
 + Level 1.4 Conjurations
 + Level 1.4 Hexes
 + Level 1.4 Summonings
 + Level 1.4 Necromancy
 + Level 1.4 Translocations
 + Level 1.4 Transmutations
 + Level 1.4 Fire Magic
 + Level 7.2 Ice Magic
 + Level 1.4 Air Magic
 + Level 1.4 Earth Magic
 + Level 1.4 Poison Magic
 + Level 2.0 Invocations
 + Level 1.8 Evocations


You had 8 spell levels left.
You knew the following spells:

 Your Spells              Type           Power      Damage    Failure   Level
a - Freeze                Ice            100%       1d10      1%          1
b - Frozen Ramparts       Ice            54%        1d9       2%          3
c - Ozocubu's Armour      Ice            27%        N/A       2%          3

Your spell library contained the following spells:

 Spells                   Type           Power      Damage    Failure   Level
 Apportation              Tloc           16%        N/A       9%          1
 Necrotise                Necr           32%        1d5       9%          1
 Summon Small Mammal      Summ           32%        N/A       9%          1
 Vhi's Electric Charge    Tloc/Air       16%        N/A       24%         3
 Summon Ice Beast         Ice/Summ       18%        N/A       24%         4
 Arcjolt                  Conj/Air       4%         1d14      92%         5
 Maxwell's Capacitive Co  Air            4%         ∞         100%        8


Dungeon Overview and Level Annotations

Branches:
Dungeon (3/15)

Altars:


Innate Abilities, Weirdness & Mutations

You have very sharp teeth.
Your uncanny sense of smell can sniff out nearby items.
Your experience applies equally to all skills.


Message History

Press: ? - help, Dir - look around, f - activate The walls around you are covered in ice.
The steam dragon hisses angrily.
The wall freezes the steam dragon.
Casting: Frozen Ramparts (dangerous; 2% risk of failure)
Confirm with . or Enter, or press ? or * to list all spells.
A film of ice covers your body!
The wall freezes the steam dragon.
The steam dragon bites you but does no damage.
The steam dragon closely misses you.
You hit the steam dragon but do no damage.
Your bite misses the steam dragon.
The steam dragon is lightly wounded.
The wall freezes the steam dragon.
The steam dragon breathes steam at you. The ball of steam hits you!!
The heat melts your icy armour.
You hit the steam dragon but do no damage.
The steam dragon is moderately wounded.
You are engulfed in a cloud of scalding steam.
The wall freezes the steam dragon.
The steam dragon closely misses you. x2
The heat melts your icy armour.
You hit the steam dragon but do no damage.
The steam dragon is heavily wounded.
You are engulfed in a cloud of scalding steam.
* * * LOW HITPOINT WARNING * * *
The wall freezes the steam dragon.
The steam dragon bites you.
* * * LOW HITPOINT WARNING * * *
The steam dragon closely misses you. The heat melts your icy armour.
You hit the steam dragon but do no damage.
The steam dragon is severely wounded.
The wall freezes the steam dragon.
The steam dragon misses you. The steam dragon barely misses you.
You hit the steam dragon but do no damage.
The steam dragon is almost dead.
The wall freezes the steam dragon.
The steam dragon breathes steam at you. The ball of steam hits you!
Your icy armour melts away.
You die...

#...#########
##~~~..~.~~..#### ≈≈
##..~~~..~.~..#...
#≈##~....~.~....~..##
#≈≈≈≈≈~~~~~≈~≈~≈≈≈≈≈#
##≈≈≈≈~~~~~~≈~.~~≈≈≈≈
###...~...~.~..~..##
#.#..§§..[~~..~###.#
∆#.D@§§......#### #..
#.##.§=####.# ### #.
#.....##...
#.>....$.#.....#.
###.###..####... #
..... # #######


You could see a steam dragon (catching breath).

Vanquished Creatures
  Sigmund (D:2)
  Natasha (D:2)
  An adder (D:2)
  4 dart slugs
  An orc (D:3)
  3 ball pythons (D:1)
  2 bats
  6 endoplasms
  3 goblins
  8 hobgoblins
  4 frilled lizards (D:1)
  5 kobolds
39 creatures vanquished.

Notes
Turn   | Place    | Note
-------+----------+-------------------------------------------
     0 | D:1      | Crownlay the Gnoll Ice Elementalist began the quest for the
                  | Orb.
     0 | D:1      | Reached XP level 1. HP: 13/13 MP: 6/6
   132 | D:1      | Reached XP level 2. HP: 19/19 MP: 5/7
   296 | D:1      | You fall into a shaft and drop 1 floor!
   410 | D:2      | Reached skill level 5 in Spellcasting
   410 | D:2      | Reached XP level 3. HP: 25/25 MP: 6/9
   418 | D:2      | Learned a level 3 spell: Frozen Ramparts
   422 | D:2      | Learned a level 3 spell: Ozocubu's Armour
   766 | D:2      | Reached skill level 1 in Invocations
   830 | D:2      | Noticed Natasha
  1007 | D:1      | Reached skill level 1 in Fighting
  1007 | D:1      | Reached skill level 1 in Short Blades
  1007 | D:1      | Reached skill level 1 in Long Blades
  1007 | D:1      | Reached skill level 1 in Axes
  1007 | D:1      | Reached skill level 1 in Maces & Flails
  1007 | D:1      | Reached skill level 1 in Polearms
  1007 | D:1      | Reached skill level 1 in Staves
  1007 | D:1      | Reached skill level 1 in Ranged Weapons
  1007 | D:1      | Reached skill level 1 in Throwing
  1007 | D:1      | Reached skill level 1 in Armour
  1007 | D:1      | Reached skill level 1 in Shields
  1007 | D:1      | Reached skill level 1 in Unarmed Combat
  1007 | D:1      | Reached skill level 1 in Evocations
  1741 | D:2      | Noticed Sigmund
  1747 | D:2      | Killed Natasha
  1748 | D:2      | Reached skill level 1 in Conjurations
  1748 | D:2      | Reached skill level 1 in Hexes
  1748 | D:2      | Reached skill level 1 in Summonings
  1748 | D:2      | Reached skill level 1 in Necromancy
  1748 | D:2      | Reached skill level 1 in Translocations
  1748 | D:2      | Reached skill level 1 in Transmutations
  1748 | D:2      | Reached skill level 1 in Fire Magic
  1748 | D:2      | Reached skill level 1 in Air Magic
  1748 | D:2      | Reached skill level 1 in Earth Magic
  1748 | D:2      | Reached skill level 1 in Poison Magic
  1748 | D:2      | Reached XP level 4. HP: 28/32 MP: 3/11
  1755 | D:2      | Killed Sigmund
  1756 | D:2      | Reached XP level 5. HP: 35/38 MP: 1/12
  1756 | D:2      | Reached XP level 6. HP: 41/44 MP: 1/13
  2145 | D:3      | Noticed a steam dragon
  2156 | D:3      | Killed from afar by a steam dragon

Illustrated notes

Levels and vault maps discovered:
D:1:      zaba_arrival_water, layout_loops_ring
D:2:      layout_loops_ring, palyth_stone_intersect, uniq_natasha, uniq_sigmund
D:3:      layout_loops_cross, mainiacjoe_overflow_24_doors, serial_rivers,
          chequers_serial_rivers_micro_b, chequers_serial_rivers_marsh,
          chequers_serial_rivers_small_3, chequers_serial_rivers_small_3,
          chequers_serial_rivers_room_b, ebering_ghost_sewer_f,
          hellmonk_ecumenical_altar_inner_sanctum, uniq_robin

Skill      XL: |  1  2  3  4 |
---------------+-------------+-----
Spellcasting   | 5 |  5.3
Invocations    | 1 2 |  2.0
Fighting       | 1 |  1.8
Short Blades   | 1 |  1.8
Long Blades    | 1 |  1.8
Axes           | 1 |  1.8
Maces & Flails | 1 |  1.8
Polearms       | 1 |  1.8
Staves         | 1 |  1.8
Ranged Weapons | 1 |  1.8
Throwing       | 1 |  1.8
Armour         | 1 |  1.8
Shields        | 1 |  1.8
Unarmed Combat | 1 |  1.8
Evocations     | 1 |  1.8
Conjurations   | 1 |  1.4
Hexes          | 1 |  1.4
Summonings     | 1 |  1.4
Necromancy     | 1 |  1.4
Translocations | 1 |  1.4
Transmutations | 1 |  1.4
Fire Magic     | 1 |  1.4
Air Magic      | 1 |  1.4
Earth Magic    | 1 |  1.4
Poison Magic   | 1 |  1.4
Dodging        | |  4.9
Stealth        | |  4.5
Ice Magic      | |  7.2

Action                     |  1- 3 |  4- 6 || total
---------------------------+-------+-------++-------
  Melee: Unarmed           |     2 |       ||     2
         Dagger            |     7 |     5 ||    12
         Bite              |     1 |       ||     1
  Throw: Throwing net      |       |     1 ||     1
         Boomerang         |       |     1 ||     1
   Cast: Freeze            |    50 |     4 ||    54
         Frozen Ramparts   |     1 |     2 ||     3
         Ozocubu's Armour  |     1 |     1 ||     2
    Use: Scroll            |       |     3 ||     3
   Stab: Sleeping          |     1 |       ||     1
 Armour: Robe              |     8 |     1 ||     9
  Dodge: Dodged            |    22 |     8 ||    30

Table legend: (Time is in decaauts)
 A = Elapsed time spent in this place.
 B = Non-inter-level travel time spent in this place.
 C = Inter-level travel time spent in this place.
 D = Time resting spent in this place.
 E = Time spent auto-exploring this place.
 F = Levels seen in this place.
 G = Mean time per level.
                   A        B        C        D        E       F      G
               +--------+--------+--------+--------+--------+-----+--------+
         Total |   2165 |   2013 |    152 |      0 |   1703 |   3 |  721.7 |
       Dungeon |   2165 |   2013 |    152 |      0 |   1703 |   3 |  721.7 |
               +--------+--------+--------+--------+--------+-----+--------+

Top non-repeatable levels by time:
     D:1: 1069 daAuts
     D:2: 984 daAuts
     D:3: 111 daAuts
